 Dungeon Crawl Stone Soup version 0.18.1-6-gd335043 (webtiles) character file.

173098 Moloch the Elven Blade (level 17, -7/127 HPs)
             Began as a High Elf Fighter on May 20, 2016.
             Was the Champion of Okawaru.
             Mangled by a swamp worm (29 damage)
             ... called by a spriggan druid
             ... called by a spriggan druid
             ... on level 4 of the Swamp.
             The game lasted 01:37:35 (32553 turns).

Moloch the Elven Blade (High Elf Fighter)          Turns: 32553, Time: 01:37:36

Health: -7/127     AC: 26    Str: 20    XL:     17   Next: 17%
Magic:  27/27      EV: 13    Int: 22    God:    Okawaru [******]
Gold:   1646       SH:  9    Dex: 19    Spells: 2 memorised, 9 levels left

rFire  + . .     SeeInvis .     h - +4 demon blade (venom)
rCold  + . .     Gourm    .     T - +4 chain mail {rC+}
rNeg   . . .     Faith    .     c - +0 shield
rPois  +         Spirit   .     z - +2 helmet
rElec  .         Dismiss  .     P - +0 cloak {+Inv}
rCorr  .         Reflect  .     r - +2 pair of gloves
SustAt .         Harm     .     w - +0 pair of boots
MR     +....                    b - amulet "Anneoffoy" {rPois rC- Regen+ MP+9 Int+7}
Stlth  ..........               D - ring of protection from fire
                                Q - ring of protection from cold

@: somewhat resistant to hostile enchantments, extremely unstealthy
A: hooves 1, thin skeletal structure 1, blurry vision 1, clever 1, mutation
resistance 1, sturdy frame 1
a: Heroism, Finesse, Renounce Religion, Evoke Invisibility
}: 1/15 runes: decaying


You were on level 4 of the Swamp.
You worshipped Okawaru.
Okawaru was exalted by your worship.
You were not hungry.

You visited 5 branches of the dungeon, and saw 30 of its levels.
You also visited: Ossuary and Ice Cave.

You collected 3364 gold pieces.
You spent 1718 gold pieces at shops.

Inventory:

Hand Weapons
 h - a +4 demon blade of venom (weapon)
 O - a +1 scimitar of flaming
Missiles
 l - 398 arrows
 u - a throwing net (quivered)
Armour
 c - a +0 shield (worn)
 r - a +2 pair of gloves (worn)
 v - the +1 leather armour of the Doge {*Confuse rElec Regen+ Dex+4}
   (You found it on level 5 of the Lair of Beasts)

   It affects your dexterity (+4).
   It insulates you from electricity.
   It increases your rate of regeneration.
   It may confuse you when you take damage.
 w - a +0 pair of boots (worn)
 z - a +2 helmet (worn)
 P - a +0 cloak of invisibility (worn)
 T - a +4 chain mail of cold resistance (worn)
Jewellery
 b - the amulet "Anneoffoy" (around neck) {rPois rC- Regen+ MP+9 Int+7}
   (You bought it in a shop on level 2 of the Orcish Mines)

   [amulet of regeneration]

   It affects your intelligence (+7).
   It makes you vulnerable to cold.
   It protects you from poison.
   It affects your magic capacity (+9).
   It increases your rate of regeneration.
 n - an uncursed amulet of regeneration
 x - an uncursed ring of see invisible
 D - a ring of protection from fire (right hand)
 Q - a ring of protection from cold (left hand)
 X - an uncursed ring of protection from magic
Wands
 a - a wand of disintegration (11/24)
 J - a wand of teleportation (5/9)
 V - a wand of digging (9/24)
Scrolls
 e - 10 scrolls of teleportation
 g - 9 scrolls of enchant armour
 j - a scroll of fog
 o - 3 scrolls of recharging
 p - 7 scrolls of remove curse
 s - 5 scrolls of fear
 y - 7 scrolls of enchant weapon
 G - a scroll of amnesia
 U - a scroll of blinking
 W - 4 scrolls of magic mapping
Potions
 d - 3 potions of might
 k - a potion of berserk rage
 m - 6 potions of heal wounds
 t - 3 potions of resistance
 A - 6 potions of curing
 B - 2 potions of magic
 E - 5 potions of brilliance
 I - 2 potions of agility
 M - 4 potions of flight
 R - a potion of cancellation
 Z - 2 potions of mutation
Miscellaneous
 S - a phantom mirror
Comestibles
 f - 15 bread rations
 q - 16 meat rations
 C - 6 royal jellies
 L - 13 fruits


   Skills:
 + Level 15.4 Fighting
 + Level 23.7 Long Blades
 * Level 12.3 Armour
 * Level 10.6 Dodging
 - Level 2.6 Shields


You had 9 spell levels left.
You knew the following spells:

 Your Spells              Type           Power        Failure   Level  Hunger
a - Blink                 Tloc           N/A          100%        2    ###....
b - Silence               Hex/Air        #.........   100%        5    ######.


Dungeon Overview and Level Annotations

Branches:
Dungeon (15/15)            Temple (1/1) D:5            Lair (8/8) D:11
  Swamp (4/4) Lair:3        Snake (0/4) Lair:3        Slime (0/6) Lair:8
    Orc (2/2) D:10            Elf (0/3) Orc:2        Vaults (0/5) D:13
 Depths (0/5) D:15

Altars:
Ashenzari
Cheibriados
Dithmenos
Elyvilon
Fedhas
Gozag
Kikubaaqudgha
Makhleb
Okawaru
Pakellas
Qazlal
Ru
Sif Muna
Trog
Vehumet
Xom
Yredelemnul
Zin
The Shining One
Jiyva

Shops:
D:4 *   D:9 (   D:14 }   Orc:2 :=!?


Innate Abilities, Weirdness & Mutations

You have large cloven feet.
You have a somewhat thin skeletal structure (Dex +2, Stealth).
Scrolls take you a little longer to read.
Your mind is acute. (Int +2)
You are somewhat resistant to further mutation.
Your movements are slightly less encumbered by armour (ER -2).


Message History

You miss the spriggan druid.
The spriggan druid is almost dead.
Unknown command.
You barely miss the spriggan druid.
The spriggan druid is almost dead.
You are hit by a branch!
You block the spriggan druid's attack.
Unknown command.
You slice the spriggan druid!!
With its final breath, the spriggan druid offers up its power to the beasts of the wild!
The four-headed hydra seems to grow more fierce.
The swamp worm seems to grow more fierce.
You kill the spriggan druid!
Okawaru accepts your kill.
You hear a splash. x2
The forest abruptly stops moving.
The swamp worm bites you!!
* * * LOW HITPOINT WARNING * * *
Read which item? (? for menu, Esc to quit)
Really read with blurry vision while enemies are nearby?
The swamp worm bites you!!
You die...

.≈........≈.. ####'#.≈.###...#'
÷...≈..≈..≈ #....i.(..#≈.8.'.
..≈.≈≈♣.♣≈ #..≈.#...≈#. §♣..♣♣♣♣♣
#.[.....8.#. ≈≈♣♣♣ #....≈≈.≈.#.
≈≈.♣ ###.%#'#...## ≈≈.♣♣♣
#§i≈.≈...≈≈≈# ≈≈≈..♣♣
♣♣♣♣♣♣♣♣≈≈.♣♣♣♣♣♣♣♣≈
§≈≈≈≈.♣♣♣♣♣♣♣♣..@)♣§...♣♣ ♣♣♣♣..
≈≈≈≈≈..♣..≈♣♣≈§≈≈wD.≈≈≈♣♣♣♣♣.♣♣..
≈..≈≈≈≈..≈.≈.≈≈≈≈≈≈≈≈≈≈♣♣.≈≈≈♣♣..
..§≈≈≈≈..≈≈..≈≈≈≈≈≈≈≈≈.≈.≈≈≈≈≈♣≈≈
♣.≈≈≈≈≈≈≈≈≈≈..[.≈≈≈.....≈≈≈≈≈♣♣≈♣
♣♣.≈≈≈≈≈≈≈≈≈§≈♣♣.≈.≈≈♣♣..≈≈≈.♣..≈
♣♣.≈≈≈..≈≈≈≈≈♣♣.≈≈.♣♣♣♣♣≈≈≈..)≈≈≈
♣♣≈≈≈≈≈≈≈≈≈≈≈♣..≈≈≈..♣..≈≈≈≈.(≈≈≈
...≈≈≈≈≈≈≈≈≈♣♣♣......†≈≈≈≈≈≈...≈≈


You could see a four-headed hydra and a swamp worm.

Vanquished Creatures
  the Lernaean hydra (Swamp:4)
  Nikola (Swamp:3)
  Gastronok (D:12)
  2 thorn hunters
  Kirke (Lair:5)
  Aizul (Swamp:3)
  A dire elephant (D:15)
  4 vault guards (D:13)
  A fire dragon (D:9)
  An ice dragon (Lair:8)
  23 hydras
  A catoblepas (Lair:5)
  5 ogre magi
  2 centaur warriors
  Erolcha (D:11)
  2 ghost crabs
  7 alligators
  A death knight (D:13)
  A tengu warrior (D:13)
  Urug (Orc:2)
  The ghost of mistymad the Protected, a novice GrFi of Okawaru (D:9)
  6 hell knights (D:13)
  2 spriggan druids (Swamp:4)
  An unseen horror (D:13)
  8 swamp dragons
  2 phantasmal warriors (D:13)
  A lindwurm (Lair:8)
  A shambling mangrove (Swamp:2)
  A wolf spider (D:15)
  11 hill giants
  An orc sorcerer (Orc:1)
  15 ugly things
  2 orc knights (D:15)
  3 necromancers (D:13)
  3 manticores
  A hornet (Swamp:4)
  22 elephants
  4 centaur zombies
  A cyclops (D:12)
  4 black mambas
  Maurice (D:8)
  3 ice statues (IceCv)
  5 torpor snails (Lair:8)
  16 spiny frogs
  The ghost of Wingboner the Spear-Bearer, a novice MfGl (D:5)
  The ghost of Zebura the Cutter, a novice VSWn (Ossuary)
  A kobold demonologist (D:13)
  An efreet (D:13)
  8 komodo dragons
  A rime drake (Lair:3)
  A freezing wraith (D:13)
  A tengu conjurer (D:14)
  A queen bee (D:8)
  10 giant leeches
  8 trolls
  A harpy zombie (D:13)
  17 two-headed ogres
  29 slime creatures
  9 bog bodies
  3 blink frogs (Lair:6)
  2 shadows
  3 spriggans (Swamp:4)
  3 wyverns
  98 yaks
  2 vampires
  6 redbacks
  2 wraiths (D:13)
  4 hogs (Lair:5)
  10 hippogriffs
  Grum (D:8)
  A hog (shapeshifter) (D:14)
  A warg (Orc:2)
  25 vampire mosquitoes
  17 insubstantial wisps
  3 mottled dragons
  The ghost of mistymad the Covered, an amateur GrFi of Okawaru (D:4)
  25 swamp worms
  2 nagas (Lair:3)
  17 water moccasins
  3 soldier ants
  9 porcupines
  7 hell hounds (D:13)
  12 ice beasts
  2 black bears (D:9)
  18 orc warriors
  15 swamp drakes
  7 sky beasts
  5 phantoms
  A necrophage (D:11)
  12 wasps
  32 ogres
  2 eyes of draining
  2 wolves (D:8)
  7 centaurs
  11 crocodiles
  3 big kobolds
  17 giant frogs
  A wyvern skeleton (D:9)
  4 scorpions
  15 killer bees (D:8)
  8 wights
  5 howler monkeys
  An electric eel (Lair:3)
  4 crimson imps
  2 giant frog zombies
  A quasit (D:12)
  7 jellies
  6 orc priests
  6 hounds
  4 centaur skeletons
  9 iguanas
  Terence (D:3)
  15 orc wizards
  3 giant frog skeletons
  15 worker ants
  A killer bee zombie (D:6)
  17 sheep
  A big kobold zombie (Ossuary)
  A hound zombie (D:9)
  2 hound skeletons
  2 mummies (Ossuary)
  A worker ant zombie (D:5)
  A gnoll (D:4)
  6 adders
  51 river rats
  4 shadow imps
  An ooze (D:5)
  An adder skeleton (D:5)
  20 worms (Lair:8)
  2 dart slugs
  2 giant geckos
  98 orcs
  3 ball pythons
  3 giant cockroaches
  9 goblins
  8 hobgoblins
  17 jackals
  4 quokkas
  A ball python skeleton (D:6)
  5 bats
  A giant gecko zombie (D:5)
  7 giant newts
  4 goblin zombies (Ossuary)
  11 hobgoblin zombies (Ossuary)
  A jackal skeleton (D:9)
  A jackal zombie (Ossuary)
  19 kobolds
  16 kobold zombies (Ossuary)
  3 orc zombies (Ossuary)
  4 rats (D:3)
  A rat zombie (Ossuary)
  2 fungi
  A plant (Lair:8)
1093 creatures vanquished.

Vanquished Creatures (others)
  A spriggan (Swamp:4)
  A jelly (D:3)
  14 fungi
  15 plants
31 creatures vanquished.

Grand Total: 1124 creatures vanquished

Notes
Turn   | Place    | Note
--------------------------------------------------------------
     0 | D:1      | Moloch the High Elf Fighter began the quest for the Orb.
     0 | D:1      | Reached XP level 1. HP: 16/16 MP: 2/2
    32 | D:1      | Reached skill level 3 in Long Blades
   243 | D:1      | Reached XP level 2. HP: 11/21 MP: 3/3
   559 | D:1      | Reached skill level 4 in Long Blades
   917 | D:1      | Reached XP level 3. HP: 19/26 MP: 4/4
  1328 | D:2      | Reached skill level 5 in Long Blades
  1514 | D:2      | Reached XP level 4. HP: 31/31 MP: 5/5
  1603 | D:3      | Reached skill level 6 in Long Blades
  1722 | D:3      | Reached XP level 5. HP: 16/36 MP: 6/6
  1890 | D:3      | Found a bloodstained altar of Trog.
  2061 | D:3      | Noticed Terence
  2078 | D:3      | Killed Terence
  2078 | D:3      | Reached skill level 7 in Long Blades
  2285 | D:3      | Found an oddly glowing altar of Pakellas.
  2285 | D:3      | Noticed an orange crystal statue
  2678 | D:4      | Found Mytoez's Assorted Antiques.
  2737 | D:4      | Noticed an ogre
  2853 | D:4      | Killed an ogre
  2853 | D:4      | Reached skill level 8 in Long Blades
  2853 | D:4      | Reached XP level 6. HP: 17/42 MP: 7/7
  2994 | D:4      | Reached skill level 9 in Long Blades
  3008 | D:4      | Noticed mistymad's ghost (amateur GrFi)
  3172 | D:4      | Reached XP level 7. HP: 36/46 MP: 8/8
  3181 | D:4      | Found a snail-covered altar of Cheibriados.
  3491 | D:4      | Killed mistymad's ghost
  3491 | D:4      | Reached skill level 10 in Long Blades
  3598 | D:5      | Entered Level 5 of the Dungeon
  3822 | D:5      | Found a staircase to the Ecumenical Temple.
  3835 | D:5      | Found a burning altar of Makhleb.
  3846 | Temple   | Entered the Ecumenical Temple
  3971 | Temple   | Became a worshipper of Warmaster Okawaru
  4053 | D:5      | Noticed Wingboner's ghost (novice MfGl)
  4123 | D:5      | Reached skill level 11 in Long Blades
  4123 | D:5      | Reached XP level 8. HP: 33/52 MP: 9/9
  4784 | D:5      | Reached skill level 12 in Long Blades
  5003 | D:6      | Found a stormy altar of Qazlal.
  5015 | D:6      | Found a sand-covered staircase.
  5020 | Ossuary  | Entered an ossuary
  5026 | Ossuary  | Noticed Zebura's ghost (novice VSWn)
  5041 | Ossuary  | Killed Zebura's ghost
  5284 | D:6      | Reached skill level 13 in Long Blades
  5867 | D:5      | Killed Wingboner's ghost
  5867 | D:5      | Reached * piety under Okawaru
  5867 | D:5      | Reached XP level 9. HP: 11/57 MP: 10/10
  5910 | D:4      | Bought a runed soapstone amulet for 100 gold pieces
  6127 | D:7      | Found an opulent altar of Gozag.
  6127 | D:7      | Found a glowing silver altar of Zin.
  6645 | D:8      | Reached ** piety under Okawaru
  6645 | D:8      | Reached skill level 14 in Long Blades
  6662 | D:8      | Gained mutation: You possess an exceptional clarity of mind. [mutagenic meat]
  6663 | D:8      | Gained mutation: You have large cloven feet. [mutagenic meat]
  6664 | D:8      | Gained mutation: You are frail (-10% HP). [mutagenic meat]
  6665 | D:8      | Gained mutation: You are agile. (Dex +2) [mutagenic meat]
  6666 | D:8      | Gained mutation: Your movements are slightly less encumbered by armour (ER -2). [mutagenic meat]
  6831 | D:8      | Noticed Maurice
  6844 | D:8      | Killed Maurice
  6952 | D:8      | Reached skill level 15 in Long Blades
  7137 | D:8      | Reached *** piety under Okawaru
  7137 | D:8      | Reached skill level 5 in Fighting
  7210 | D:8      | Reached skill level 1 in Dodging
  7261 | D:8      | Reached XP level 10. HP: 56/59 MP: 11/11
  7453 | D:8      | Noticed Grum
  7483 | D:8      | Killed Grum
  7948 | D:8      | Reached **** piety under Okawaru
  8031 | D:8      | Found a bloodstained altar of Trog.
  8125 | D:9      | Found Goowkag's Weapon Boutique.
  8128 | D:9      | Bought a +0 scimitar of slicing for 104 gold pieces
  8429 | D:9      | Reached skill level 16 in Long Blades
  8443 | D:9      | Found a radiant altar of Vehumet.
  8451 | D:9      | Found a glowing golden altar of the Shining One.
  8671 | D:9      | Noticed mistymad's ghost (novice GrFi)
  8708 | D:9      | Killed mistymad's ghost
  8965 | D:9      | Reached ***** piety under Okawaru
  9044 | D:9      | Noticed a fire dragon
  9065 | D:9      | Killed a fire dragon
  9065 | D:9      | Reached XP level 11. HP: 28/67 MP: 10/12
  9088 | D:9      | Got a warped plate armour
  9099 | D:9      | Identified the +0 plate armour of the Forgotten Wars {rC- rN+ Int+3} (You found it on level 9 of the Dungeon)
  9307 | D:10     | Entered Level 10 of the Dungeon
  9491 | D:10     | Noticed a hill giant
  9509 | D:10     | Killed a hill giant
 10206 | D:10     | Noticed a hill giant
 10234 | D:10     | Killed a hill giant
 10234 | D:10     | Reached skill level 17 in Long Blades
 10302 | D:10     | Found a staircase to the Orcish Mines.
 10452 | D:10     | Reached skill level 5 in Armour
 10744 | D:10     | Received a gift from Okawaru
 10897 | D:11     | Found a staircase to the Lair.
 10906 | D:11     | Noticed a brown ugly thing
 10915 | D:11     | Killed a brown ugly thing
 10919 | D:11     | Gained mutation: Your mind is acute. (Int +2) [mutagenic meat]
 11082 | D:11     | Noticed a hill giant
 11092 | D:11     | Killed a hill giant
 11177 | D:11     | Noticed a hill giant
 11210 | D:11     | Killed a hill giant
 11282 | D:11     | Noticed a cyan ugly thing
 11301 | D:11     | Killed a cyan ugly thing
 11492 | D:11     | Noticed a green ugly thing
 11492 | D:11     | Noticed a brown ugly thing
 11503 | D:11     | Killed a brown ugly thing
 11514 | D:11     | Killed a green ugly thing
 11528 | D:11     | Gained mutation: You have a somewhat thin skeletal structure (Dex +2, Stealth). [mutagenic meat]
 11701 | D:11     | Noticed Erolcha
 11737 | D:11     | Killed Erolcha
 11737 | D:11     | Reached XP level 12. HP: 73/76 MP: 10/13
 11868 | D:11     | Reached skill level 18 in Long Blades
 11909 | D:11     | Received a gift from Okawaru
 12087 | Orc:1    | Entered Level 1 of the Orcish Mines
 12433 | Orc:1    | Reached skill level 5 in Dodging
 12715 | Orc:2    | Entered Level 2 of the Orcish Mines
 12715 | Orc:2    | Noticed Urug
 12884 | Orc:2    | Killed Urug
 12980 | Orc:2    | Found a frozen archway.
 12986 | IceCv    | Entered an ice cave
 12994 | IceCv    | Reached skill level 10 in Fighting
 13002 | IceCv    | Reached ****** piety under Okawaru
 13783 | Orc:2    | Found a staircase to the Elven Halls.
 13789 | Orc:2    | Received a gift from Okawaru
 14032 | Orc:2    | Noticed an ogre mage
 14032 | Orc:2    | Noticed an ogre mage
 14132 | Orc:1    | Killed an ogre mage
 14158 | Orc:2    | Killed an ogre mage
 14256 | Orc:2    | Reached skill level 19 in Long Blades
 14257 | Orc:2    | Noticed an ogre mage
 14355 | Orc:2    | Killed an ogre mage
 14478 | Orc:2    | Noticed an ogre mage
 14494 | Orc:2    | Killed an ogre mage
 14494 | Orc:2    | Reached XP level 13. HP: 43/84 MP: 14/14
 14504 | Orc:2    | Received a gift from Okawaru
 14546 | Orc:2    | Found Jeomofuy's Book Shop.
 14546 | Orc:2    | Found Sybod's Distillery.
 14616 | Orc:2    | Found Siofe's Jewellery Shoppe.
 14616 | Orc:2    | Found Vumiaq's Magic Scroll Boutique.
 14625 | Orc:2    | Bought an uncursed ring of see invisible for 210 gold pieces
 14625 | Orc:2    | Bought an uncursed ring of protection from fire for 350 gold pieces
 14687 | Orc:2    | Bought a scroll of enchant weapon for 90 gold pieces
 14687 | Orc:2    | Bought a scroll of enchant weapon for 90 gold pieces
 14687 | Orc:2    | Bought a scroll of enchant armour for 90 gold pieces
 14788 | Lair:1   | Entered Level 1 of the Lair of Beasts
 15881 | Lair:2   | Received a gift from Okawaru
 15990 | Lair:2   | Learned a level 2 spell: Blink
 16037 | Lair:2   | Reached skill level 20 in Long Blades
 17316 | Lair:3   | Found a staircase to the Snake Pit.
 17858 | Lair:3   | Found a staircase to the Swamp.
 18351 | Lair:4   | Reached XP level 14. HP: 92/92 MP: 15/15
 18548 | Lair:4   | Received a gift from Okawaru
 18910 | Lair:5   | Got a faintly humming leather armour
 18913 | Lair:5   | Identified the +1 leather armour of the Doge {*Confuse rElec Regen+ Dex+4} (You found it on level 5 of the Lair of Beasts)
 18924 | Lair:5   | Found a snail-covered altar of Cheibriados.
 18984 | Lair:5   | Reached skill level 21 in Long Blades
 19084 | Lair:5   | Noticed Kirke
 19130 | Lair:5   | Killed Kirke
 19524 | Lair:5   | Received a gift from Okawaru
 21616 | Lair:8   | Entered Level 8 of the Lair of Beasts
 22010 | Lair:8   | Found a staircase to the Slime Pits.
 22010 | Lair:8   | Found a viscous altar of Jiyva.
 22020 | Lair:8   | Received a gift from Okawaru
 22029 | Lair:8   | Got a shimmering hat {god gift}
 22040 | Lair:8   | Identified the +2 hat of Impressiveness {+Inv rN+++ rCorr Dex-5} (Okawaru gifted it to you on level 8 of the Lair of Beasts)
 22405 | Lair:8   | Found a runed door.
 22577 | Lair:8   | Paralysed by a wasp for 3 turns
 22666 | Lair:8   | Reached skill level 22 in Long Blades
 23235 | D:12     | Learned a level 5 spell: Silence
 23431 | D:11     | Reached XP level 15. HP: 17/99 MP: 16/16
 23785 | D:12     | Noticed Gastronok
 23802 | D:12     | Killed Gastronok
 24168 | D:13     | Found a gate to the Vaults.
 24332 | D:13     | Received a gift from Okawaru
 24860 | D:13     | HP: 2/100 [hell knight/demon whip of slashing (5)]
 25439 | D:13     | Gained mutation: You occasionally shout uncontrollably at your foes. [mutagenic meat]
 25440 | D:13     | Lost mutation: You occasionally shout uncontrollably at your foes. [mutagenic meat]
 25441 | D:13     | Lost mutation: You are frail (-10% HP). [mutagenic meat]
 25731 | D:14     | Found Boloi's Gadget Emporium.
 25776 | D:14     | Found a sacrificial altar of Ru.
 25835 | D:14     | Got a wavering brass ring
 25837 | D:14     | Identified the ring "Tukuer" {Fire Str+4 Int+3 Dex+6 Slay-5} (You found it on level 14 of the Dungeon)
 25971 | D:14     | Reached skill level 23 in Long Blades
 26169 | D:14     | Received a gift from Okawaru
 26185 | D:14     | Lost mutation: You possess an exceptional clarity of mind. [mutagenic meat]
 26186 | D:14     | Gained mutation: Scrolls take you a little longer to read. [mutagenic meat]
 26298 | D:14     | Reached skill level 10 in Armour
 26315 | D:14     | Gained mutation: You are somewhat resistant to further mutation. [mutagenic meat]
 26316 | D:14     | Gained mutation: You tend to lose your temper in combat. [mutagenic meat]
 26319 | D:14     | Lost mutation: You tend to lose your temper in combat. [mutagenic meat]
 26490 | D:15     | Entered Level 15 of the Dungeon
 26729 | D:15     | Found a deep blue altar of Sif Muna.
 26810 | D:15     | Reached XP level 16. HP: 102/120 MP: 17/17
 27217 | D:15     | Found a staircase to the Depths.
 27231 | D:15     | Received a gift from Okawaru
 27483 | Orc:2    | Bought the amulet "Anneoffoy" {rPois rC- Regen+ MP+9 Int+7} for 684 gold pieces
 27721 | Swamp:1  | Entered Level 1 of the Swamp
 27827 | Swamp:1  | Got a pitted leather armour
 27838 | Swamp:1  | Identified the +4 leather armour "Hafontaps" {Int+7} (You found it on level 1 of the Swamp)
 29276 | Swamp:2  | Noticed a thorn hunter
 29306 | Swamp:2  | Killed a thorn hunter
 29532 | Swamp:3  | Noticed Aizul
 29555 | Swamp:3  | Killed Aizul
 29598 | Swamp:3  | Lost mutation: You are agile. (Dex +2) [mutagenic meat]
 29641 | Swamp:3  | Reached skill level 15 in Fighting
 29930 | Swamp:3  | Noticed Nikola
 30022 | Swamp:3  | Killed Nikola
 30471 | Swamp:4  | Entered Level 4 of the Swamp
 30519 | Swamp:4  | Received a gift from Okawaru
 30524 | Swamp:4  | Got a smoking executioner's axe {god gift}
 30533 | Swamp:3  | Identified the +7 executioner's axe of Azxati {freeze, Str+5 Int-4 SInv} (Okawaru gifted it to you on level 4 of the Swamp)
 31125 | Swamp:3  | Reached skill level 10 in Dodging
 31401 | Swamp:4  | Noticed a thorn hunter
 31785 | Swamp:4  | Received a gift from Okawaru
 32086 | Swamp:4  | Noticed a thorn hunter
 32097 | Swamp:3  | Reached XP level 17. HP: 108/127 MP: 18/18
 32384 | Swamp:4  | Noticed the 27-headed Lernaean hydra
 32397 | Swamp:4  | Killed the 22-headed Lernaean hydra
 32447 | Swamp:4  | Got a decaying rune of Zot
 32553 | Swamp:4  | Mangled by a swamp worm

Skill      XL: |  1  2  3  4  5  6  7  8  9 10 11 12 13 14 15 16 |
---------------+-------------------------------------------------+-----
Long Blades    | 3 4 5 6 8 9 11 13 15 16 17 19 20 22 23 | 23.7
Fighting       | 5 7 9 10 12 13 14 15 | 15.4
Dodging        | 1 3 4 5 6 7 8 10 | 10.6
Armour         | 4 6 7 8 10 12 | 12.3
Shields        | |  2.6

Action                   |  1- 3 |  4- 6 |  7- 9 | 10-12 | 13-15 | 16-18 || total
-------------------------+-------+-------+-------+-------+-------+-------++-------
Melee: Long sword        |   138 |   211 |   650 |   171 |       |       ||  1170
       Scimitar          |       |       |       |   763 |   282 |   301 ||  1346
       Demon blade       |       |       |       |   101 |  1757 |   639 ||  2497
Invok: Heroism           |       |       |       |    13 |     6 |     5 ||    24
Evoke: Wand              |       |     2 |     4 |    24 |     1 |       ||    31
  Use: Scroll            |       |       |     7 |    23 |     8 |     6 ||    44
       Potion            |       |       |     1 |     3 |     6 |     5 ||    15
 Stab: Paralysed         |       |       |     6 |       |       |       ||     6
       Distracted        |       |       |       |     1 |       |       ||     1
       Invisible         |       |       |       |       |       |     4 ||     4
  Eat: Chunk             |     2 |     6 |    13 |    28 |    56 |    22 ||   127
       Pizza             |       |       |     1 |       |       |       ||     1
       Bread ration      |       |       |     1 |       |       |       ||     1
       Beef jerky        |       |       |       |     1 |       |     3 ||     4
       Royal jelly       |       |       |       |     1 |       |       ||     1
Armor: Scale mail        |    68 |       |       |       |       |       ||    68
       Chain mail        |    32 |    89 |   255 |   357 |   610 |   501 ||  1844
       Skin              |       |       |    31 |       |       |       ||    31
       Leather armour    |       |       |       |       |       |     1 ||     1
Dodge: Dodged            |    25 |    19 |    72 |   206 |   515 |   507 ||  1344
Block: Shield            |    73 |    69 |   230 |   334 |   690 |   440 ||  1836
       Reflection        |       |       |     2 |       |       |       ||     2
